Map: [ESL] Goldenaura

Players

SKillous - Winner!

  • Race: Protoss Protoss
  • League: Grandmaster
  • Spawn Location: 12:00

ForJumY

  • Race: Protoss Protoss
  • League: Grandmaster
  • Spawn Location: 5:00

Event: HomeStory Cup XXIV

VOD

Have the link to the VOD?

Description

Time

  • Played on: Dec. 2, 2023, 11:09 a.m.
  • Length: 12:02

All games in this series

Show
View Real Time Build Order
Export as new Build Order

SKillous Protoss - Winner!

Build Orders: Dark Templar Rush 

Get SALT Encoding   

  12  0:00  Probe  
  13  0:12  Probe  
  14  0:17  Pylon  
  14  0:25  Probe  
  15  0:35  Gateway  
  15  0:37  Probe (Chrono Boost)  
  16  0:46  Assimilator, Probe (Chrono Boost)  
  17  0:51  Probe (Chrono Boost)  
  17  0:54  Assimilator  
  18  1:03  Probe (Chrono Boost)  
  19  1:08  Gateway  
  19  1:12  Probe (Chrono Boost)  
  19  1:17  Probe (Chrono Boost)  
  20  1:24  Cybernetics Core  
  21  1:29  Probe  
  22  1:36  Pylon  
  22  1:41  Probe  
  23  1:54  Probe  
  23  2:00  Sentry, Warp Gate, Stalker  
  28  2:12  Pylon  
  28  2:24  Sentry  
  30  2:31  Stalker  
  32  2:41  Nexus  
  32  2:44  Probe  
  33  2:51  Shield Battery  
  33  2:53  Sentry  
  33  2:57  Probe  
  36  3:10  Probe  
  35  3:17  Twilight Council  
  33  3:22  Probe  
  33  3:27  Pylon  
  35  3:34  Probe  
  35  3:38  Shield Battery  
  35  3:46  Probe  
  36  3:48  Stalker x2  
  36  3:54  Probe  
  41  3:55  Dark Shrine  
  41  4:00  Probe  
  42  4:06  Probe  
  43  4:11  Robotics Facility  
  43  4:13  Probe  
  43  4:18  Shield Battery  
  44  4:25  Probe (Chrono Boost)  
  44  4:26  Probe (Chrono Boost)  
  45  4:37  Probe (Chrono Boost)  
  47  4:38  Probe (Chrono Boost)  
  47  4:45  Probe x2 (Chrono Boost)  
  49  4:51  Probe  
  49  4:52  Stalker x2  
  54  4:53  Probe  
  55  5:02  Observer (Chrono Boost)  
  55  5:03  Probe  
  55  5:05  Pylon  
  57  5:11  Probe  
  58  5:15  Probe  
  58  5:19  Nexus  
  59  5:24  Observer  
  59  5:27  Probe  
  62  5:28  Observer  
  62  5:29  Pylon  
  62  5:30  Shadow Stride (Chrono Boost)  
  62  5:32  Probe  
  62  5:38  Assimilator  
  62  5:40  Probe  
  62  5:42  Assimilator  
  63  5:44  Probe  
  63  5:48  Shield Battery  
  63  5:49  Stalker  
  66  5:55  Immortal (Chrono Boost)  
  66  5:59  Probe  
  66  6:01  Probe  
  72  6:07  Pylon  
  72  6:09  Forge  
  72  6:17  Pylon  
  72  6:25  Probe x2  
  74  6:27  Immortal  
  74  6:31  Stalker, Probe  
  81  6:36  Gateway  
  81  6:38  Gateway  
  81  6:39  Probe  
  82  6:41  Probe (Chrono Boost)  
  82  6:45  Protoss Ground Weapons Level 1 (Chrono Boost), Probe (Chrono Boost)  
  86  6:54  Probe (Chrono Boost)  
  86  6:57  Probe x2 (Chrono Boost)  
  86  6:58  Pylon  
  87  7:01  Charge (Chrono Boost)  
  87  7:03  Probe (Chrono Boost)  
  87  7:04  Probe (Chrono Boost)  
  87  7:06  Probe (Chrono Boost)  
  87  7:07  Gateway  
  87  7:08  Gateway, Probe (Chrono Boost)  
  90  7:11  Pylon  
  90  7:15  Pylon  
  92  7:18  Dark Templar x2  
  95  7:24  Shield Battery  
  95  7:27  Gateway x2  
  95  7:35  Nexus  
  95  7:40  Observer (Chrono Boost)  
  96  7:45  Stalker  
  96  7:46  Stalker  
  98  7:54  Zealot x2  
  100  8:06  Probe  
  100  8:07  Pylon  
  100  8:08  Probe  
  100  8:11  Photon Cannon  
  100  8:12  Probe  
  103  8:18  Probe  
  104  8:24  Zealot x8  
  104  8:26  Warp Prism, Pylon  
  122  8:37  Probe  
  122  8:40  Probe  
  122  8:41  Protoss Ground Weapons Level 2 (Chrono Boost), Shield Battery, Probe  
  123  8:45  Pylon  
  123  8:51  Dark Templar x5  
  123  8:54  Observer  
  131  8:56  Archon x2  
  131  8:59  Shield Battery  
  131  9:00  Blink (Chrono Boost), Photon Cannon  
  131  9:07  Zealot x2, Assimilator  
  135  9:12  Zealot  
  135  9:13  Photon Cannon  
  137  9:19  Photon Cannon  
  137  9:25  Dark Templar x4  
  137  9:29  Archon x2  
  145  9:33  Dark Templar, Gateway  
  145  9:34  Gateway  
  145  9:38  Archon  
  147  9:43  Photon Cannon  
  147  9:44  Zealot x3  
  149  9:58  Dark Templar x2  
  149  9:59  Zealot x2  
  148  10:08  Photon Cannon  
  148  10:12  Dark Templar x2, Zealot x2  
  156  10:16  Archon x2  
  156  10:19  Gateway  
  156  10:21  Gateway  
  156  10:24  Pylon  
  152  10:32  Shield Battery  
  152  10:33  Pylon  
  152  10:34  Zealot x4  
  160  10:36  Pylon  
  160  10:39  Nexus  
  160  10:40  Pylon  
  160  10:47  Zealot x6  
  172  10:52  Pylon  
  172  10:56  Observer  
  168  11:04  Stalker x4  
  142  11:13  Zealot x6  
  142  11:14  Zealot x5  
  140  11:27  Warp Prism (Chrono Boost)  
  140  11:30  Zealot  
  122  11:40  Stalker x5  
  122  11:41  Stalker x4  
  122  11:44  Probe x3  
  135  11:57  Stalker x2  
  135  11:58  Stalker  
Show
View Real Time Build Order
Export as new Build Order

ForJumY Protoss 

Build Orders: Blink Stalkers, Dark Templar Rush 

Get SALT Encoding   

  12  0:00  Probe  
  13  0:12  Probe  
  14  0:16  Pylon  
  14  0:24  Probe  
  15  0:34  Gateway  
  15  0:36  Probe (Chrono Boost)  
  16  0:46  Assimilator, Probe (Chrono Boost)  
  17  0:51  Probe (Chrono Boost)  
  17  0:54  Assimilator  
  18  1:03  Probe (Chrono Boost)  
  19  1:08  Gateway  
  19  1:12  Probe (Chrono Boost)  
  19  1:17  Probe (Chrono Boost)  
  20  1:24  Cybernetics Core  
  21  1:29  Probe  
  22  1:33  Pylon  
  22  1:41  Probe  
  23  1:53  Probe  
  24  2:00  Stalker x2  
  28  2:04  Warp Gate  
  28  2:07  Probe  
  29  2:15  Pylon  
  29  2:19  Probe  
  29  2:30  Adept  
  29  2:33  Probe, Adept  
  34  2:46  Probe  
  34  2:49  Twilight Council  
  35  3:12  Nexus  
  33  3:19  Probe  
  32  3:27  Dark Shrine  
  32  3:29  Blink, Pylon  
  32  3:35  Probe  
  33  3:49  Probe  
  33  3:55  Stalker  
  36  3:58  Stalker  
  36  4:01  Probe (Chrono Boost)  
  39  4:12  Probe (Chrono Boost)  
  39  4:14  Pylon  
  40  4:20  Probe  
  41  4:28  Robotics Facility  
  41  4:29  Probe  
  38  4:39  Dark Templar  
  38  4:40  Dark Templar  
  38  4:41  Probe  
  38  4:42  Probe  
  44  4:53  Probe  
  44  4:55  Shield Battery  
  44  4:58  Probe  
  46  5:07  Nexus  
  46  5:15  Observer (Chrono Boost)  
  46  5:16  Stalker, Probe  
  46  5:18  Probe  
  51  5:23  Stalker  
  53  5:30  Gateway  
  53  5:32  Pylon  
  53  5:34  Immortal (Chrono Boost)  
  53  5:38  Assimilator  
  53  5:42  Stalker  
  59  5:44  Probe  
  59  5:45  Probe  
  61  5:56  Probe  
  62  5:59  Probe (Chrono Boost), Forge  
  62  6:02  Gateway  
  63  6:11  Warp Prism  
  64  6:15  Probe (Chrono Boost)  
  64  6:17  Stalker x2  
  70  6:21  Probe (Chrono Boost)  
  70  6:23  Probe (Chrono Boost)  
  73  6:25  Observer  
  73  6:26  Protoss Ground Weapons Level 1 (Chrono Boost), Stalker  
  73  6:29  Probe (Chrono Boost)  
  73  6:30  Probe (Chrono Boost)  
  73  6:32  Probe (Chrono Boost)  
  77  6:35  Probe  
  77  6:37  Probe  
  77  6:38  Pylon  
  79  6:43  Gateway, Charge (Chrono Boost)  
  79  6:44  Probe  
  80  6:52  Dark Templar  
  82  6:57  Stalker  
  82  6:58  Probe x2  
  86  7:07  Dark Templar  
  88  7:08  Probe  
  88  7:09  Pylon  
  88  7:15  Nexus  
  89  7:18  Pylon  
  89  7:19  Stalker  
  89  7:22  Probe  
  92  7:25  Gateway  
  92  7:28  Gateway  
  92  7:32  Stalker x2  
  92  7:33  Probe  
  92  7:35  Probe x2  
  99  7:43  Stalker x2  
  103  7:51  Photon Cannon  
  103  7:52  Photon Cannon  
  103  7:53  Photon Cannon  
  103  8:00  Probe  
  103  8:02  Probe  
  103  8:04  Photon Cannon  
  105  8:06  Shield Battery  
  105  8:08  Probe  
  105  8:11  Observer  
  104  8:20  Photon Cannon, Probe  
  103  8:30  Photon Cannon  
  103  8:32  Probe x3  
  103  8:43  Pylon  
  103  8:49  Zealot x5, Photon Cannon  
  103  8:51  Observer  
  103  8:53  Protoss Ground Weapons Level 2 (Chrono Boost), Gateway  
  114  8:58  Gateway  
  114  9:03  Probe x2 (Chrono Boost)  
  114  9:08  Probe x2 (Chrono Boost)  
  118  9:12  Probe (Chrono Boost)  
  118  9:13  Zealot x2  
  118  9:16  Probe (Chrono Boost), Pylon  
  124  9:22  Pylon  
  124  9:25  Pylon  
  124  9:34  Probe  
  125  9:43  Zealot x7  
  135  9:47  Nexus  
  135  9:51  Gateway  
  129  10:02  Zealot x2  
  129  10:03  Zealot x6  
  138  10:07  Probe  
  132  10:15  Immortal (Chrono Boost)  
  132  10:17  Gateway  
  135  10:26  Stalker x6  
  145  10:35  Stalker  
  147  10:37  Pylon  
  147  10:38  Pylon  
  147  10:39  Pylon  
  143  10:44  Zealot  
  143  10:45  Zealot  
  143  10:47  Pylon  
  143  10:51  Stalker x2  
  141  10:57  Stalker x5  
  141  10:58  Zealot  
  133  11:06  Zealot x2  
  115  11:13  Zealot x2  
  115  11:16  Zealot  
  115  11:17  Zealot x2  
  109  11:20  Zealot x4  
  109  11:24  Probe  
  100  11:27  Zealot x2  
  100  11:32  Stalker  
  91  11:33  Zealot x2  
  91  11:38  Zealot x2  
  84  11:42  Zealot x5  
  75  11:48  Stalker x2  
  75  11:49  Stalker  
  70  11:57  Stalker x2  
Tags
 
Add a new tag
Caveats
  • Supply blocks, unpowered buildings, or Contaminate may cause inaccurate times.
  • Supply counts are checked every 10 seconds.